AoeStats
← DrJet

Arena

510102884Analyzed
1v1 RM · 4d ago on Sep 29, 2026· 52m 46s· 2 players
Game mode
Random Map
Map size
Tiny (2 player)
Population
200
Speed
Normal
Resources
Standard
Victory
Conquest
Starting age
Dark Age
Ending age
Imperial Age
RankedLock teamsTeams togetherTeam positionsShared explorationLock speedFull tech treeHidden civsTurbo modeCheats
Victory
Defeat
🇧🇷 Persians · Brazil
1070
+17
🇹🇼 Persians · Taiwan
1090
-17
DrJet
10:48 Feudal Age
11:05 Feudal Age
15:00 Castle Age
13:09 Double-Bit Axe
14:32 Horse Collar
16:05 Horse Collar
19:10 Wheelbarrow
18:44 Horse Collar
19:26 Bow Saw
19:10 Gold Mining
21:44 Heavy Plow
26:10 Imperial Age
24:08 Hand Cart
25:16 Scale Barding Armor
25:21 Forging
25:02 Loom
25:03 Town Watch
27:27 Two-Man Saw
25:58 Cavalier
27:51 Gold Shaft Mining
27:08 Stone Mining
28:12 Heavy Plow
27:56 Savar
30:03 Stone Shaft Mining
29:50 Husbandry
30:00 Bloodlines
30:59 Chain Barding Armor
31:14 Iron Casting
31:20 Iron Casting
32:57 Conscription
32:40 Kamandaran
34:00 Crop Rotation
35:19 Plate Barding Armor
35:46 Blast Furnace
35:51 Fletching
36:28 Padded Archer Armor
36:34 Bodkin Arrow
36:07 Crossbowman
38:06 Chemistry
38:33 Thumb Ring
38:45 Leather Archer Armor
39:02 Ballistics
40:23 Ring Archer Armor
47:34 Capped Ram
48:58 Siege Ram
52:12 Light Cavalry
8919959219233929
10:12 Feudal Age
14:02 Castle Age
12:08 Double-Bit Axe
12:08 Horse Collar
16:16 Bow Saw
16:28 Heavy Plow
20:58 Wheelbarrow
22:57 Hand Cart
26:50 Imperial Age
24:54 Forging
24:51 Town Watch
26:13 Bloodlines
26:04 Husbandry
26:43 Iron Casting
26:17 Scale Barding Armor
25:58 Pikeman
26:40 Squires
26:26 Arson
26:26 Gambesons
28:14 Loom
28:30 Cavalier
29:37 Halberdier
32:09 Conscription
36:46 Blast Furnace
35:53 Savar
38:40 Scale Mail Armor
45:38 Chain Barding Armor
45:35 Chain Mail Armor
45:11 Fletching
46:42 Light Cavalry
48:36 Hussar
Connection lost

Rejoining the realm…

Still unreachable

The connection could not be restored.

Session expired

The server has moved on; the page needs a fresh start.